 Dungeon Crawl Stone Soup version 0.22-a0-136-g83a10e5 (webtiles) character file.

60 varam the Firebug (level 3, -2/24 HPs)
             Began as a Demonspawn Fire Elementalist on Feb 3, 2018.
             Slain by Sigmund
             ... wielding a +2 scythe of flaming
              (6 damage)
             ... on level 3 of the Dungeon.
             The game lasted 00:07:37 (1948 turns).

varam the Firebug (Demonspawn Fire Elementalist)    Turns: 1948, Time: 00:07:38

Health: -2/24      AC:  5    Str:  8    XL:     3   Next: 80%
Magic:  1/6        EV: 12    Int: 17    God:
Gold:   67         SH:  0    Dex: 16    Spells: 0/6 levels left

rFire    . . .     SeeInvis .   g - +0 mace
rCold    . . .     Gourm    .   (no shield)
rNeg     . . .     Faith    .   a - +0 robe
rPois    .         Spirit   .   (no helmet)
rElec    .         Reflect  .   (no cloak)
rCorr    .         Harm     .   h - +0 pair of gloves
MR       .....     Rnd*Tele +   (no boots)
Stlth    ++........             (no amulet)
HPRegen  0.08/turn              m - ring of teleportation
MPRegen  0.10/turn              o - +3 ring of dexterity

@: very slightly contaminated
A: thin metallic scales 1, spiny 1
a: no special abilities


You were on level 3 of the Dungeon.
You were not hungry.

You visited 1 branch of the dungeon, and saw 3 of its levels.

You collected 67 gold pieces.

Inventory:

Hand Weapons
 g - a +0 mace (weapon)
Missiles
 l - 7 tomahawks (quivered)
Armour
 a - a +0 robe (worn)
 h - a +0 pair of gloves (worn)
Jewellery
 e - a +3 ring of strength
 m - a ring of teleportation (left hand)
 o - a +3 ring of dexterity (right hand)
Scrolls
 d - 2 scrolls of teleportation
 k - a scroll of identify
Potions
 i - a potion of invisibility {unknown}
 n - a potion of flight {unknown}
Books
 b - a book of Flames

   Spells                             Type                      Level
   a - Flame Tongue                   Conjuration/Fire             1
   b - Throw Flame                    Conjuration/Fire             2
   c - Conjure Flame                  Conjuration/Fire             3
   d - Inner Flame                    Hexes/Fire                   3
   e - Sticky Flame                   Conjuration/Fire             4
   f - Fireball                       Conjuration/Fire             5
Comestibles
 c - 3 rations
 f - a chunk of flesh


   Skills:
 - Level 1.7 Dodging
 - Level 1.7 Stealth
 - Level 2.0 Spellcasting
 * Level 3.1 Conjurations
 + Level 3.3 Fire Magic


You couldn't memorise any spells.
You knew the following spells:

 Your Spells              Type           Power        Failure   Level  Hunger
a - Flame Tongue          Conj/Fire      ##...        5%          1    #......
b - Throw Flame           Conj/Fire      ##....       8%          2    ###....
c - Conjure Flame         Conj/Fire      ##......     16%         3    ###....


Dungeon Overview and Level Annotations

Branches:
Dungeon (3/15)

Altars:

Annotations:
D:3 Sigmund


Innate Abilities, Weirdness & Mutations

You are partially covered in thin metallic scales. (AC +2)
You are partially covered in sharp spines.


Message History

(? for menu, Esc to cancel) < or
e - a +3 ring of strength; > or
o - a +3 ring of dexterity You remove your +3 ring of strength.
You feel weaker.
Sigmund drinks a potion.
Sigmund seems to speed up.
You feel slightly jumpy.
m - a ring of teleportation (left hand)
You feel much better.
Sigmund points at you and mumbles some strange words.
The puff of flame hits you!
You feel less confused.
Sigmund giggles. "Time to reap what you sow."
Sigmund casts a spell.
Sigmund flickers and vanishes!
Deactivating autopickup; reactivate with Ctrl-A.
Something hits you!
Ouch! That really hurt!
* * * LOW HITPOINT WARNING * * *
Something burns you.
You die...

#.# #.# #.# ##.####
#.....# #.....#
#.{...# #.....#
#.@...# #.# #.....#
.. #.....#
#.###....(# ##..
##..##.....# ...
#...###.#### #..
#....##.# #..
♣♣##....##.# #.#
♣♣P.......#.####.#.#


There were no monsters in sight!

Vanquished Creatures
  2 worms (D:2)
  A dart slug (D:1)
  A leopard gecko (D:1)
  A ball python (D:1)
  7 bats
  3 giant cockroaches
  6 goblins
  6 hobgoblins
  4 jackals (D:1)
  6 kobolds
  A quokka (D:2)
  2 frilled lizards (D:1)
  5 rats
45 creatures vanquished.

Notes
Turn   | Place    | Note
-------+----------+-------------------------------------------
     0 | D:1      | varam the Demonspawn Fire Elementalist began the quest for the Orb.
     0 | D:1      | Reached XP level 1. HP: 13/13 MP: 3/3
   397 | D:1      | Gained mutation: You are partially covered in sharp spines. [demonic ancestry]
   397 | D:1      | Reached XP level 2. HP: 18/19 MP: 0/5
   451 | D:1      | Reached skill level 2 in Conjurations
   497 | D:1      | Reached skill level 3 in Fire Magic
   867 | D:1      | Gained mutation: You are partially covered in thin metallic scales. (AC +2) [demonic ancestry]
   867 | D:1      | Reached XP level 3. HP: 24/24 MP: 6/6
  1582 | D:2      | Reached skill level 3 in Conjurations
  1880 | D:3      | Learned a level 2 spell: Throw Flame
  1884 | D:3      | Learned a level 3 spell: Conjure Flame
  1924 | D:3      | Noticed Sigmund
  1948 | D:3      | Slain by Sigmund

Vault maps used:
D:1:      minmay_arrival_stair_chambers, hex_large
D:2:      grunt_ministairs_6, nrook_mini_vaults
D:3:      uniq_sigmund, uniq_ijyb, uniq_crazy_yiuf_cottage

Skill      XL: |  1  2  3 |
---------------+----------+-----
Conjurations   | 2 3 |  3.1
Fire Magic     | 3 |  3.3
Dodging        | |  1.7
Stealth        | |  1.7
Spellcasting   | |  2.0

Action                   || total
-------------------------++-------
Melee: Unarmed           ||     9
       Mace              ||    11
Throw: Tomahawk          ||     3
 Cast: Flame Tongue      ||    65
       Conjure Flame     ||     1
  Use: Scroll            ||     4
       Potion            ||     1
 Stab: Sleeping          ||     3
  Eat: Chunk             ||     4
Armor: Robe              ||    14
Dodge: Dodged            ||    38

Table legend:
 A = Spawn XP
 B = Non-spawn XP
 C = Spawn XP percentage of total XP
 D = Spawn monster count
 E = Non-spawn monster count
 F = Spawn count percentage of total count
 G = Total turns spent on level
                    A         B        C        D         E        F      G
               +---------+---------+-------+---------+---------+-------+---------
         Total |       0 |      86 |   0.0 |       0 |      45 |   0.0 |  1948
               +---------+---------+-------+---------+---------+-------+---------
           D:1 |       0 |      50 |   0.0 |       0 |      27 |   0.0 |  1195
           D:2 |       0 |      31 |   0.0 |       0 |      15 |   0.0 |   638
           D:3 |       0 |       5 |   0.0 |       0 |       3 |   0.0 |   115
               +---------+---------+-------+---------+---------+-------+---------
